 Dungeon Crawl Stone Soup version 0.14-a0-2091-gca92d1a (webtiles) character file.

423 Kae the Ruinous (level 5, -4/38 HPs)
             Began as a Draconian Conjurer on Jan 25, 2014.
             Slain by an iguana (15 damage)
             ... on Level 4 of the Dungeon.
             The game lasted 00:06:34 (3345 turns).

Kae the Ruinous (Draconian Conjurer)                Turns: 3345, Time: 00:06:34

HP  -4/38        AC  5     Str 11      XL: 5   Next: 62%
MP   1/11        EV 17     Int 16      God:
Gold 206         SH  0     Dex 16      Spells:  2 memorised,  7 levels left

rFire  . . .     SeeInvis .     a - +2,+0 dagger
rCold  + . .     Clarity  .     (armour unavailable)
rNeg   + . .     Conserve .     (no shield)
rPois  .         rCorr    .     (helmet restricted)
rElec  .         rRot     .     (no cloak)
SustAb . .       Spirit   .     (no gloves)
rMut   .         Warding  .     (no boots)
Saprov . . .     Stasis   .     (no amulet)
MR     ++...                    (no ring)
                                v - ring of Efoilueq {rC+ rN+ MR++}

@: agile, very resistant to hostile enchantments, stealthy
A: unfitting armour, AC +5
a: no special abilities


You were on level 4 of the Dungeon.
You were very hungry.

You visited 1 branch of the dungeon, and saw 4 of its levels.

You collected 206 gold pieces.

Inventory:

Hand weapons
 a - a +2,+0 dagger (weapon)
Comestibles
 b - 3 bread rations
 d - a choko
 h - an orange
 i - 2 meat rations
 p - 8 sultanas
Scrolls
 e - 3 scrolls of identify
 f - a scroll of blinking {unknown}
 g - a scroll of enchant weapon I {unknown}
 l - a scroll of teleportation {unknown}
 m - a scroll of curse armour {unknown}
 q - a scroll of enchant weapon II {unknown}
 r - a scroll of curse weapon {unknown}
 w - a scroll of noise {unknown}
Jewellery
 k - an uncursed ring of fire {unknown}
 u - an uncursed ring of wizardry {unknown}
 v - the ring of Efoilueq (left hand) {rC+ rN+ MR++}
   (You found it on level 4 of the Dungeon)

   [ring of protection from cold]

   It protects you from negative energy.
   It affects your resistance to hostile enchantments.
Potions
 j - a potion of mutation {unknown}
 n - 2 potions of curing
 o - a potion of agility
 s - 2 potions of might {unknown}
 t - a potion of paralysis {unknown}
 x - a potion of heal wounds
Books
 c - a book of Conjurations

   Spells                             Type                      Level
   *Magic Dart                        Conjuration                  1
   *Searing Ray                       Conjuration                  2
   Dazzling Spray                     Conjuration/Hexes            3
   Iskenderun's Mystic Blast          Conjuration                  4
   Iskenderun's Battlesphere          Conjuration/Charms           4
   Fulminant Prism                    Conjuration/Hexes            5


   Skills:
 - Level 1.7 Dodging
 - Level 1.7 Stealth
 + Level 3.4 Spellcasting
 * Level 6.1 Conjurations


You had 7 spell levels left.
You knew the following spells:

 Your Spells              Type           Power        Failure   Level  Hunger
a - Magic Dart            Conj           ###.         1%          1    None
b - Searing Ray           Conj           ###...       1%          2    ##.....


Dungeon Overview and Level Annotations

Branches:
Dungeon (4/16)
 Temple: D:4-7

Altars:
Makhleb
Xom
Zin

Annotations:
D:4 Grinder


Message History

v - the ring of Efoilueq (left hand) {rC+ rN+ MR++} The iguana barely misses you.
Read which item? (? for menu, Esc to quit)
Identify which item? (\ to view known items) (? for menu, Esc to quit)
As you read the scroll of identify, it crumbles to dust.
o - 2 potions of agility The iguana barely misses you.
Drink which item? (? for menu, Esc to quit)
You feel agile all of a sudden. The iguana bites you!
* * * LOW HITPOINT WARNING * * *
Casting: Magic Dart
Confirm with . or Enter, or press ? or * to list all spells.
Aiming: Magic Dart
Press: ? - help, Shift-Dir - straight line, f - iguana
Aim: an iguana The magic dart hits the iguana.
The iguana is lightly wounded.
The iguana bites you!
You die...

##.....####..........##.....#.
).........+.................#
###....####..........##<....#
###.#.## ##.......#.# .....
>......# ##.....##.# ##.
.##.##.# ##...###.# .##.##.#
##'## #..
.#..##.########l####.##
.#.###..........@.....#
.#.#.......####.#........
...........# #....##.##.
##.#.......##.....# #
#.........###....# ###.......#
##.#.# #...%...# ###.#
#.......# .. ######### #


You could see an iguana.

Vanquished Creatures
  2 hounds
  An iguana (D:4)
  A scorpion (D:4)
  An adder (D:3)
  3 worms
  4 oozes
  13 bats
  8 hobgoblins
  9 kobolds
  2 quokkas (D:2)
  2 ball pythons
  2 giant cockroaches (D:1)
  A giant gecko (D:3)
  7 giant newts
  6 goblins
  2 jackals (D:3)
  9 rats
  A rat skeleton (D:4)
74 creatures vanquished.

Notes
Turn   | Place    | Note
--------------------------------------------------------------
     0 | D:1      | Kae, the Draconian Conjurer, began the quest for the Orb.
     0 | D:1      | Reached XP level 1. HP: 14/14 MP: 3/3
   149 | D:1      | Reached XP level 2. HP: 7/20 MP: 2/4
   274 | D:1      | Learned a level 2 spell: Searing Ray
   948 | D:2      | Reached XP level 3. HP: 11/26 MP: 6/6
  1175 | D:2      | Found a burning altar of Makhleb.
  1190 | D:2      | Reached skill level 5 in Conjurations
  1424 | D:2      | Reached XP level 4. HP: 27/33 MP: 1/8
  1508 | D:2      | Found a shimmering altar of Xom.
  1604 | D:2      | Found a glowing silver altar of Zin.
  2772 | D:4      | Noticed Grinder
  2839 | D:4      | Reached XP level 5. HP: 21/38 MP: 0/11
  2994 | D:4      | Got a fine bone ring
  3177 | D:4      | Reached skill level 6 in Conjurations
  3341 | D:4      | Identified the ring of Efoilueq {rC+ rN+ MR++} (You found it on level 4 of the Dungeon)
  3345 | D:4      | Slain by an iguana

Action                   |  1- 3 |  4- 6 || total
-------------------------+-------+-------++-------
Melee: Unarmed           |    21 |       ||    21
       Dagger            |   106 |    73 ||   179
 Cast: Magic Dart        |    38 |   114 ||   152
  Use: Potion            |       |     3 ||     3
       Scroll            |       |     2 ||     2
 Stab: Sleeping          |     1 |       ||     1
